[Event "*** Titled Tuesday Blitz"]
[Site "Chess.com"]
[Date "2019.01.01"]
[Round "6"]
[White "Doraemon7"]
[Black "Anar_Aliakbarov"]
[Result "0-1"]
[WhiteElo "2497"]
[BlackElo "2467"]
[TimeControl "180+2"]
[EndTime "14:28:26 PST"]
[Termination "Anar_Aliakbarov won by resignation"]

1. d4 d5 2. c4 e6 3. Nf3 Nf6 4.
g3 Be7 5. Bg2 O-O 6. O-O dxc4 7.
Qc2 c6 8. Qxc4 b5 9. Qc2 Bb7 10.
Rd1 Qb6 11. Ne5 Nbd7 12. Be3 Rac8 13. Nxd7 Nxd7 14. d5 c5 15. dxe6 Nf6 16. exf7+ Rxf7 17. Bxb7 Qxb7 18. f3 h5 19. a4 h4 20. axb5 Ng4 21.
Bf2 Nxf2 22. Kxf2 Bf6 23. Nc3 Bd4+ 24. Kg2 Re8 25. Ne4 Qxb5 26. Rd2 Qd7 27. Nxc5 h3+ 28. Kh1 Qd5 29. Ne4 Rfe7 30. Rf1 Rxe4 31. fxe4 Rxe4 32. Rxd4 Rxd4+ 33. e4 Rxe4 34. Kg1 Qd4+ 35. Qf2 Qd5 36. Qf8+ Kh7 37. Qf5+ Qxf5 38. Rxf5 Re2 39. Rh5+ Kg6 40. Rxh3 Rxb2 41. Rh4 Ra2 42. Rc4 a5 43. Rd4 a4 44.
Rc4 a3 45. Ra4 Kf6 46. Ra5 Ke6 47. h4 Kd6 48. g4 Kc6 49. Ra7 Kb6 50. Ra4 Kb5 51. Ra7 Kb4 52. Rxg7 Rc2 53. Rb7+ Kc3 54. Ra7 a2 55. h5 Rc1+ 56. Kg2 a1=Q 57. Rxa1 Rxa1 58.
h6 Kd4 59. g5 Ke5 60. g6 Kf6 61. g7 Ra8 62. Kg3 Kg6 63. h7 0-1

[Event "*** Titled Tuesday Blitz"]
[Site "Chess.com"]
[Date "2019.01.01"]
[Round "6"]
[White "Gr3egor"]
[Black "Zufi1811"]
[Result "0-1"]
[WhiteElo "2451"]
[BlackElo "2414"]
[TimeControl "180+2"]
[EndTime "14:28:29 PST"]
[Termination "Zufi1811 won by resignation"]

1. e4 c5 2. Nf3 Nc6 3. d4 cxd4 4. Nxd4 Qb6 5. Nb3 Nf6 6. Nc3 e6 7. Be3 Qc7 8. a3 a6 9. Be2 b5 10. Qd2 Bb7 11. f4 d6 12. Bf3 Be7 13. g4 O-O 14. g5 Nd7 15. h4 Nb6 16. Qf2 Nc4 17. Bc1 f5 18. exf5 Rxf5 19. Bg4 Raf8 20. Bxf5 Rxf5 21. O-O Qc8 22. Nd2 N6a5 23. Nf3 Bd8 24. Kh2 Bb6 25. Qg3 Ne3 26. Bxe3 Bxe3 27. Ne1 Nc4 28. Nd3 Ba7 29.
Rae1 g6 30. Re2 e5 31. Rfe1 Bd4 32. Ne4 d5 33. Nf6+ Rxf6 34. gxf6 e4 35. Ne5 Nxe5 36. fxe5 Qe6 37. Qh3 Bxe5+ 38. Kg2 Kf7 39. Qxe6+ Kxe6 40. c3 Bxf6 41. h5 gxh5 42. Rh1 h4 43. Kh3 h6 44. Kg4 Bc8 45. Kh5 Bg5 46. Rf1 Ke5 47. Rf8 Be6 48. b3 h3 49. a4 Bf4 50. Kh4 h2 51. Re1 Bf5 52. axb5 axb5 53. Rb8 e3 54. Rxb5 Ke4 55. c4 d4 56. Rd5 d3 57. b4 d2 58. Rxd2 Kf3 59.
Ra2 Bd3 60. c5 e2 61. c6 Kf2 62. Rea1 Be4 63. b5 h1=Q+ 64. Rxh1 Bxh1 65. Kg4 Bc7 66. Kf5 Kf1 67. Rxe2 Kxe2 68. Ke6 h5 69. Kd7 Ba5 70. c7 Bxc7 71. Kxc7 h4 72. b6 h3 73. b7 0-1

[Event "*** Titled Tuesday Blitz"]
[Site "Chess.com"]
[Date "2019.01.01"]
[Round "6"]
[White "vpsetter"]
[Black "TheNomNomFactor"]
[Result "0-1"]
[WhiteElo "2562"]
[BlackElo "2423"]
[TimeControl "180+2"]
[EndTime "14:28:34 PST"]
[Termination "TheNomNomFactor won by resignation"]

1. e4 e5 2. Nf3 Nc6 3. Bb5 a6 4.
Ba4 d6 5. O-O Bg4 6. c3 Qf6 7.
d4 b5 8. Bb3 exd4 9. Bg5 Bxf3 10. Qxf3 Qxf3 11. gxf3 Nge7 12. Bxe7 Bxe7 13. Bd5 Kd7 14.
Bxc6+ Kxc6 15. cxd4 f5 16. Nc3 Rhf8 17. Nd5 Kd7 18.
Rac1 Rac8 19. Rc3 Bd8 20. Rfc1 c6 21. Ne3 g6 22. Kf1 Bb6 23. d5 c5 24. Ra3 a5 25.
Rb3 b4 26. Nc4 Bc7 27. Ke2 a4 28. Re3 Rce8 29. Rg1 Rf7 30. exf5 Rxf5 31. Rxe8 Kxe8 32. Ne3 Rh5 33. b3 axb3 34. axb3 Rxh2 35. Ra1 Rh4 36. Ra8+ Kd7 37. Rg8 Bd8 38. Rg7+ Be7 39. Nc4 Ke8 40. Rg8+ Kf7 41. Rc8 Rd4 42. Ne3 h5 43. Rh8 Bg5 44.
Rh7+ Ke8 45. Rg7 Bxe3 46. fxe3 Rxd5 47. Rxg6 Kf7 48. Rh6 Ke7 49. e4 Re5 50. Ke3 d5 51.
Kf4 Re6 52. Rxh5 c4 53. Rxd5 c3 54. Rc5 Kd7 55. Rc4 Rc6 56. Rd4+ Ke6 57. Rd1 Ra6 58. Ke3 Ra2 59. Kd3 Rf2 60. Ke3 Rb2 61. f4 Rxb3 62. f5+ Ke5 63. Rd5+ Kf6 64. Rc5 Rb2 65. Rc6+ Ke7 66.
e5 c2 67. f6+ Kf7 68. Rc7+ Ke6 69. Re7+ Kd5 70. Kd2 b3 71. f7 Rb1 72. Rc7 Rf1 73.
e6 Kxe6 74. Rc3 Kxf7 0-1

[Event "*** Titled Tuesday Blitz"]
[Site "Chess.com"]
[Date "2019.01.01"]
[Round "6"]
[White "viktorko131"]
[Black "SolidJ"]
[Result "1-0"]
[WhiteElo "2090"]
[BlackElo "1691"]
[TimeControl "180+2"]
[EndTime "14:28:36 PST"]
[Termination "viktorko131 won by resignation"]

1. e4 e5 2. Nf3 Nc6 3. Bb5 a6 4. Ba4 Nf6 5. O-O b5 6. Bb3 Bc5 7. d3 d6 8. Nc3 O-O 9. a3 h6 10.
Nd5 Bg4 11. c3 Ba7 12. Be3 Nh7 13. a4 b4 14. Bxa7 Rxa7 15. Ne3 Be6 16. Bd5 Bxd5 17. exd5 Ne7 18. cxb4 Rb7 19. d4 e4 20. Nd2 Rxb4 21. Nxe4 Rxb2 22. Rc1 Qd7 23. Nc4 Rb4 24.
a5 Rfb8 25. Qd3 Nxd5 26. Ne3 Nf4 27. Qd2 R4b5 28. Nc4 Nd5 29. Ne3 Ndf6 30. Nc3 Rxa5 31. Ne4 Rab5 32. Nc3 Rb2 33. Qd3 a5 34. d5 R2b3 35.
Qc4 R8b4 36. Qa6 a4 37. Qa8+ Nf8 38. Qa7 a3 39. Ne2 Ng6 40. Rxc7 Qe8 41. Rc6 Rb7 42. Qa6 Rb2 43. Nd4 a2 44. Ndf5 Kh7 45. Nxd6 Qb8 46. Nxb7 Qxb7 47. Qxb7 Rxb7 48. Ra6 Rd7 49. Rxa2 Nxd5 50. Nxd5 Rxd5 51. g3 Rd6 52. Kg2 Rf6 53.
h4 Ne5 54. Re1 Ng6 55. Re3 h5 56. Ra5 Nf8 57. Rxh5+ Kg8 58. Re8 g6 59. Ra5 Kg7 60. Re7 Ne6 61. Raa7 Nd4 62. Rab7 Nf5 63. Red7 Nh6 64.
f3 Nf5 65. f4 Ne3+ 66. Kf3 Nf5 67. Kg4 Ne3+ 68. Kh3 Nf5 69. Rd5 Ne3 70. Rg5 Nd1 71. h5 Nf2+ 72. Kg2 Ne4 73. Re5 Nc5 74. Rxc5 1-0

[Event "*** Titled Tuesday Blitz"]
[Site "Chess.com"]
[Date "2019.01.01"]
[Round "6"]
[White "farzadbfd"]
[Black "maziarbagheri"]
[Result "0-1"]
[WhiteElo "2474"]
[BlackElo "2360"]
[TimeControl "180+2"]
[EndTime "14:28:39 PST"]
[Termination "maziarbagheri won by checkmate"]

1. d4 d5 2. Nf3 c6 3. Bf4 Bf5 4. e3 e6 5. c3 Bd6 6. Nbd2 Nf6 7. Bg3 O-O 8. Be2 Re8 9. Nh4 Bg6 10. Nxg6 hxg6 11. f4 Nbd7 12. O-O Qb6 13. Rb1 c5 14. Bd3 Rac8 15. Kh1 Qa5 16. a3 cxd4 17. exd4 Qc7 18. Qe2 Nb6 19. Rbe1 Nh5 20. Qg4 a6 21. Re2 Nd7 22.
Ref2 Ndf6 23. Qe2 Qb6 24. Rb1 Re7 25. Nf1 Rce8 26. Re1 Qc7 27. Qf3 b5 28. h3 Nxg3+ 29. Nxg3 Qb6 30. Nf1 a5 31. b4 axb4 32. axb4 Rc8 33.
Rc2 Rec7 34. Rec1 Nh5 35. g3 Rc6 36. Nd2 Qc7 37. Nb3 Nxg3+ 38. Qxg3 Bxf4 39. Qf3 Bxc1 40. Nc5 Bg5 41. Bxb5 Rb6 42. Bd3 Ra8 43. Rg2 Ra1+ 44.
Bf1 Bf6 45. Rf2 Rb8 46. Na6 Rxa6 47. Bxa6 Ra8 48. Bf1 Ra1 49. Kg2 Rc1 50. c4 Bxd4 51.
Rd2 Bc3 52. Rd3 d4 53. c5 Ra1 54. Rd1 Ra2+ 55. Be2 Qe5 56. Kf1 Bxb4 57. c6 Bc5 58. Rc1 Ra3 59. Qg2 Qf4+ 60. Qf2 Qxc1+ 61. Kg2 d3 62. Qf1 Qg5+ 63. Bg4 Qd5+ 64. Qf3 Ra2+ 65. Kg3 Bd6+ 66. Kh4 g5+ 67. Kh5 g6+ 68. Kh6 Bf8# 0-1

[Event "*** Titled Tuesday Blitz"]
[Site "Chess.com"]
[Date "2019.01.01"]
[Round "6"]
[White "Chessmatus"]
[Black "ChessMavenYeti"]
[Result "1/2-1/2"]
[WhiteElo "2196"]
[BlackElo "2097"]
[TimeControl "180+2"]
[EndTime "14:28:43 PST"]
[Termination "Game drawn by agreement"]

1. d4 Nf6 2. c4 e6 3. g3 d5 4. Nf3 Be7 5. Bg2 O-O 6. O-O dxc4 7. Qc2 a6 8. a4 Bd7 9. Qxc4 Bc6 10. Nc3 Nbd7 11.
Bf4 Nd5 12. Bd2 Nxc3 13. Qxc3 a5 14. Rfc1 Ra6 15. e3 Rb6 16. Ne1 Bxg2 17. Kxg2 c5 18.
Nd3 cxd4 19. Qxa5 dxe3 20. Bxe3 Rb3 21. Qxd8 Rxd8 22. Rc3 Rxc3 23. bxc3 Nf6 24. Nc5 Bxc5 25. Bxc5 Rc8 26. Bd4 Nd5 27. Rb1 Rc7 28. a5 f6 29. Rb3 e5 30. Be3 Nxc3 31. Bb6 Rc8 32. Be3 Rc7 33. Bb6 Rc8 34. Ba7 Rc7 35. Bb8 Rc5 36.
Bd6 Rc6 37. Be7 Rc7 38. Bd8 Rc8 39. Be7 Rc7 40. Bd6 Rc6 41. Bb8 Rc5 42. Ba7 Rxa5 43. Bb6 Rb5 44. Rxc3 Rxb6 45. Rc8+ Kf7 46. Rc7+ Kg6 47.
h4 Rb2 48. h5+ Kh6 49. g4 e4 50. Kg3 Rb3+ 51. Kh4 Rf3 52. Rc2 b5 53. Re2 Rf4 54. Rc2 b4 55. Rc6 g5+ 56. Kg3 Rf3+ 57. Kg2 b3 58.
Rb6 Rc3 59. Rxf6+ Kg7 60. Rb6 h6 61. Rg6+ Kh7 62. Rb6 Rd3 63. Kf1 Kg7 64. Ke2 Rc3 65. Kd2 Rf3 66. Ke2 Rf4 67. Rxb3 Rxg4 68. Rb7+ Kg8 69.
Rb8+ Kg7 70. Rb7+ Kf8 71. Rb8+ Kf7 72. Rh8 Rh4 73. Rxh6 g4 74. Kf1 Kg7 75. Rg6+ Kh7 76. Re6 Rxh5 77. Rxe4 Rg5 78. Kg2 Kg6 79. Kg3 Kf6 80.
Rxg4 Ra5 81. Rf4+ Kg5 82. Rb4 Ra3+ 83. f3 Kf5 84. Rb5+ Kf6 1/2-1/2

[Event "*** Titled Tuesday Blitz"]
[Site "Chess.com"]
[Date "2019.01.01"]
[Round "6"]
[White "HouseOfDurin"]
[Black "Hieronymus00"]
[Result "1-0"]
[WhiteElo "1870"]
[BlackElo "2147"]
[TimeControl "180+2"]
[EndTime "14:29:00 PST"]
[Termination "HouseOfDurin won on time"]

1. d4 Nf6 2. Bg5 c5 3. Bxf6 gxf6 4. c3 cxd4 5. cxd4 Qb6 6. Qd2 Nc6 7. e3 d5 8. Nc3 e6 9. g3 Bd7 10. Bg2 Rc8 11. Nge2 Na5 12. b3 Bb4 13. Rc1 O-O 14. O-O Rc7 15. Qd3 Rfc8 16. Rfd1 Qd6 17. Bf1 a6 18. e4 dxe4 19. Nxe4 Qe7 20. Qf3 f5 21.
N4c3 Bc6 22. d5 Be8 23. Na4 Rxc1 24. Rxc1 Rxc1 25. Nxc1 Bxa4 26. bxa4 exd5 27. Qxd5 Nc6 28. Bc4 Ne5 29. Bb3 Ng4 30. Nd3 Bd6 31. Qxf5 Nf6 32. Kg2 Kg7 33. h4 h6 34. Nf4 Bxf4 35. Qxf4 Qd7 36. Qc4 Qe7 37. Bc2 Qd6 38. Qd3 Qe5 39.
Qf5 Qd4 40. Qf4 Qd5+ 41. Kh2 Qxa2 42. Be4 Qc4 43. Bxb7 Qc2 44. Bxa6 Qb2 45. Bf1 Qa2 46. Bg2 h5 47. f3 Qb2 48. g4 hxg4 49. fxg4 Kf8 50.
g5 Nh5 51. Qd6+ Kg7 52. Qh6+ Kg8 53. Qxh5 Qe5+ 54. Kh1 Qe1+ 55. Kh2 Qe5+ 56. Kh3 Qf5+ 57. Qg4 Qd3+ 58. Qg3 Qf5+ 59. Qg4 Qd3+ 60. Bf3 Qf1+ 61. Qg2 Qa1 62. Bc6 Qa3+ 63. Kh2 Qd6+ 64. Kh1 Qd1+ 65.
Kh2 Qd6+ 66. Kh3 Qa3+ 67. Kg4 Qb4+ 68. Kh5 Qd6 69. Qe4 Qd1+ 70. Kh6 Qd6+ 71. g6 Qf8+ 72. Kh5 Qc5+ 73. Kg4 Qg1+ 74. Kh5 Qc5+ 75. Qd5 1-0

[Event "*** Titled Tuesday Blitz"]
[Site "Chess.com"]
[Date "2019.01.01"]
[Round "6"]
[White "Sunrise777"]
[Black "riconaipe"]
[Result "1-0"]
[WhiteElo "2661"]
[BlackElo "2428"]
[TimeControl "180+2"]
[EndTime "14:29:04 PST"]
[Termination "Sunrise777 won by resignation"]

1. d4 d5 2. c4 e6 3. Nc3 Bb4 4.
Nf3 Ne7 5. g3 O-O 6. Bg2 c5 7.
cxd5 Nxd5 8. Bd2 Nc6 9. Nxd5 exd5 10. dxc5 Bxc5 11. O-O Bg4 12. Rc1 Qb6 13. Qc2 Be7 14. Be3 d4 15. Bf4 Rac8 16. Rfd1 Bf6 17. h3 Be6 18.
Ng5 Bxg5 19. Bxg5 Bxa2 20. Qd2 Bb3 21. Re1 Rfe8 22. h4 a5 23. h5 h6 24. Bxh6 gxh6 25. Qxh6 Qd8 26. Rc5 Ne5 27. Be4 Re6 28. Bh7+ Kh8 29.
Bg6+ Kg8 30. Bh7+ Kh8 31. Bg6+ Kg8 32. Rxe5 Qf6 33. Bh7+ Kh8 34. Rxe6 Qxe6 35. Qxe6 Bxe6 36. Bd3 Kg7 37. f3 f5 38. Kf2 Kh6 39. Rh1 Rb8 40. Rh4 Rd8 41. Rf4 Kg5 42. Rh4 Rh8 43. Rxd4 Rxh5 44.
Kg1 Rh8 45. Rd6 Re8 46. Rb6 Re7 47. Rb5 a4 48. Kf2 Rc7 49. Bxf5 Bxf5 50. g4 Rc2 51. Rxf5+ Kg6 52. Rb5 Rc7 53. Rb6+ Kf7 54. Rb4 Rc2 55. Rxb7+ Ke6 56. Rb5 Kd6 57. g5 Ke6 58. f4 Rc1 59. e4 Rb1 60. Rb6+ Kd7 61. Rb4 Ra1 62. Kf3 Kc6 63.
g6 Kc5 64. Rb8 Rg1 65. f5 Kd4 66. Rb4+ Ke5 67. Rxa4 Rf1+ 68. Kg4 Rg1+ 69. Kh5 Kf4 70. Kh6 Ke5 71. Kg7 Ra1 72. Rxa1 1-0

[Event "*** Titled Tuesday Blitz"]
[Site "Chess.com"]
[Date "2019.01.01"]
[Round "6"]
[White "Pakarma"]
[Black "Kurai"]
[Result "0-1"]
[WhiteElo "2450"]
[BlackElo "2527"]
[TimeControl "180+2"]
[EndTime "14:29:04 PST"]
[Termination "Kurai won by checkmate"]

1. e4 e5 2. Nc3 Nf6 3. Bc4 Nc6 4. d3 Bc5 5. f4 d6 6. Nf3 Bg4 7. a3 a6 8. f5 Nd4 9. Bg5 h6 10. Bh4 c6 11. h3 Bxf3 12. gxf3 d5 13. exd5 Nxf5 14.
Bxf6 Qxf6 15. Qe2 Qh4+ 16. Kd1 O-O 17. dxc6 bxc6 18. Ne4 Ba7 19. Kc1 Rab8 20. Kb1 Nd4 21. Qg2 Kh8 22. Ka2 f5 23. Nc3 a5 24. Rhg1 Qf6 25. h4 Ne6 26. Rh1 Bd4 27. Qd2 Rb7 28. b3 Rd8 29. Rae1 Nc7 30. Ne2 Bb6 31. Ng3 a4 32. Nh5 Qd6 33. Qg2 Nd5 34. Rhg1 axb3+ 35. cxb3 Bxg1 36. Rxg1 Rdd7 37. Qh3 Ra7 38. a4 Rf7 39.
Qh2 Rae7 40. Qf2 Nb4+ 41. Kb1 Nd5 42. Re1 Rb7 43. d4 e4 44. fxe4 fxe4 45. Qg2 e3 46.
Qe4 Rf4 47. Nxf4 Nxf4 48. Rxe3 Rb8 49. Rf3 Nd5 50. Kb2 Qb4 51. Qe2 Nb6 52. Kc2 Qa3 53. Kd3 c5 54. d5 Nxc4 55. Kxc4 Rb4+ 56. Kd3 Rxb3+ 57. Ke4 Qxa4+ 58. Kf5 Qd7+ 59. Kf4 Qf7+ 60. Kg3 Qxd5 61. Qe8+ Kh7 62. Rxb3 Qxb3+ 63. Kh2 Qd3 64. Qc8 c4 65. Qc5 c3 66. Qc6 c2 67. h5 Qd2+ 68. Kh3 Qe3+ 69. Kh2 c1=Q 70. Qg6+ Kg8 71. Qg2 Qc7+ 72.
Kh1 Qe1+ 73. Qg1 Qc6+ 74. Kh2 Qc2+ 75. Kh1 Qce4+ 76. Kh2 Q4h4+ 77. Kg2 Qhg3+ 78. Kh1 Qexg1# 0-1

[Event "*** Titled Tuesday Blitz"]
[Site "Chess.com"]
[Date "2019.01.01"]
[Round "6"]
[White "mersad_98"]
[Black "ehrenfeld"]
[Result "1/2-1/2"]
[WhiteElo "2631"]
[BlackElo "2446"]
[TimeControl "180+2"]
[EndTime "14:29:14 PST"]
[Termination "Game drawn - insufficient material"]

1. e4 e5 2. Nf3 Nc6 3. Bb5 a6 4. Ba4 Nf6 5. O-O Be7 6. Re1 b5 7. Bb3 d6 8. c3 O-O 9. h3 Na5 10.
Bc2 c5 11. d4 Qc7 12. d5 c4 13.
b4 cxb3 14. axb3 Nb7 15. Be3 Bd7 16. b4 Ne8 17. Bd3 g6 18. Qb3 Ng7 19. Re2 a5 20. Rea2 a4 21. Qd1 f5 22. Rc2 f4 23. Bd2 Qb6 24. Na3 g5 25. Qe2 g4 26. hxg4 Bxg4 27.
Bxb5 Nd8 28. Qd1 Nf7 29. Be2 Kh8 30. c4 Rg8 31. Rac1 Nh5 32. c5 dxc5 33. bxc5 Qg6 34.
Ne1 Nf6 35. Bxg4 Nxg4 36. Rc3 Bh4 37. Rf3 Ng5 38. Rcc3 Nxf3+ 39. Rxf3 Nxf2 40. Rxf2 Bxf2+ 41. Kxf2 Qg3+ 42. Kf1 Qxa3 43. Qh5 Rae8 44. c6 Qc5 45. Nd3 Qc4 46. Qe2 a3 47. Nxf4 Qxe2+ 48. Nxe2 a2 49. Bc3 Rg4 50. d6 Rxe4 51. d7 Rf8+ 52. Ke1 Rc4 53.
Bxe5+ Kg8 54. Nf4 Rxc6 55. Kd2 Rd6+ 56. Bxd6 a1=Q 57. Bxf8 Qa5+ 58. Ke3 Qb6+ 59. Ke4 Qb7+ 60. Ke5 Qxd7 61. Bd6 Qa4 62. Nd5 Qd1 63. Ne7+ Kf7 64. Nf5 Qe2+ 65. Kf4 Qxg2 66. Be5 h5 67. Nd4 Qg4+ 68.
Ke3 h4 69. Nf3 h3 70. Bh2 Qg2 71. Bf4 Ke6 72. Be5 Kd5 73. Bh2 Qg4 74. Bf4 Qf5 75. Be5 Kc4 76. Kf2 Kd3 77. Kg3 Ke4 78. Nh4 Kxe5 79.
Nxf5 Kxf5 80. Kxh3 1/2-1/2

[Event "*** Titled Tuesday Blitz"]
[Site "Chess.com"]
[Date "2019.01.01"]
[Round "6"]
[White "TrimitziosP7"]
[Black "penguingm1"]
[Result "1-0"]
[WhiteElo "2641"]
[BlackElo "2799"]
[TimeControl "180+2"]
[EndTime "14:29:51 PST"]
[Termination "TrimitziosP7 won by resignation"]

1. Nf3 d5 2. c4 e6 3. g3 Nf6 4. Bg2 Be7 5. b3 O-O 6. O-O c5 7. Bb2 Nc6 8. e3 b6 9. Nc3 dxc4 10. bxc4 Bb7 11. Qe2 Qc7 12. Nb5 Qc8 13. Rfd1 Rd8 14. Nc3 a6 15. d3 Qc7 16. Rab1 Na7 17.
Nd2 Bxg2 18. Kxg2 b5 19. Nce4 Nd7 20. f4 Nc6 21. Nf3 h6 22. g4 e5 23. f5 Nf6 24.
Nfd2 Nh7 25. a3 Rd7 26. Nc3 Rad8 27. Nd5 Qb8 28. Ne4 Bf8 29. h4 Qb7 30. Qf3 f6 31. Bc3 Qa7 32. Kf2 Ne7 33. Ba5 Rc8 34. Nec3 Nc6 35. Bb6 Qa8 36. Rg1 b4 37. axb4 cxb4 38. Ne4 Ne7 39. Nxb4 a5 40. Ra1 Nc6 41. Nd5 Qb7 42.
Rgb1 Nb4 43. Bxa5 Nxd3+ 44. Kg3 Qc6 45. Nb6 Rcd8 46. Nxd7 Rxd7 47. Nf2 e4 48. Nxe4 Ne5 49. Qf4 Qxc4 50. Rd1 Nd3 51. Qf3 Ne5 52. Qf4 Nd3 53.
Qf3 Ne5 54. Qg2 Rb7 55. Bc3 Rb3 56. Bxe5 Rxe3+ 57. Kf4 Rxe4+ 58. Qxe4 fxe5+ 59. Kf3 Qc3+ 60. Qd3 e4+ 61. Kxe4 Nf6+ 62. Kf3 Qc6+ 63. Kg3 Bd6+ 64. Kh3 Kh7 65. g5 hxg5 66. hxg5 Nh5 67. f6+ Kh8 68. fxg7+ Kxg7 69. Qd4+ Kh7 70. g6+ Kh6 71. Qh8+ Kg5 72. Rg1+ Bg3 73. Rxg3+ Nxg3 74. Qe5+ Nf5 75. Rg1+ Kh6 76. Qxf5 Qc3+ 77. Rg3 Qd2 78. g7 Qh2+ 79. Kg4 Qe2+ 80. Qf3 Qe6+ 81. Kh4 Qe7+ 82. Kh3 Qe6+ 83. Kh2 Qa2+ 84. Rg2 Qf7 85. Qh3+ Qh5 86. Qxh5+ Kxh5 87. g8=Q 1-0

[Event "*** Titled Tuesday Blitz"]
[Site "Chess.com"]
[Date "2019.01.01"]
[Round "6"]
[White "Firouzja2003"]
[Black "2nd_life"]
[Result "1/2-1/2"]
[WhiteElo "2981"]
[BlackElo "2421"]
[TimeControl "180+2"]
[EndTime "14:30:04 PST"]
[Termination "Game drawn by agreement"]

1. d4 Nf6 2. c4 e6 3. g3 c5 4.
Bg2 cxd4 5. Nf3 e5 6. O-O Nc6 7. e3 dxe3 8. Bxe3 Be7 9. Nc3 d6 10.
Qd2 O-O 11. Rfd1 Be6 12. b3 a6 13. Ng5 Bf5 14. Nge4 Nxe4 15. Nxe4 Bxe4 16. Bxe4 Qc7 17. g4 g6 18. Kh1 Rad8 19. Rg1 Bf6 20. Rad1 Bg7 21.
Qd5 Kh8 22. Rg3 Qe7 23. a3 Rd7 24. b4 Nd4 25. g5 Nf5 26. Rgg1 Nxe3 27. fxe3 f5 28.
gxf6 Qxf6 29. Rdf1 Qxf1 30. Rxf1 Rxf1+ 31. Kg2 Rff7 32. Bf3 Bf8 33. Bg4 Rc7 34. Qe6 Kg7 35. a4 a5 36.
bxa5 Rc5 37. h4 Rxa5 38. Qc8 Rxa4 39. Be6 Re7 40. Bd5 Ra3 41. e4 Rb3 42. Qb8 Rb2+ 43.
Kf3 Rd7 44. Kg4 h5+ 45. Kf3 Rb3+ 46. Kg2 Rb6 47. Kg3 Rb3+ 48. Kg2 Rb2+ 49. Kf3 Rb3+ 50. Kf2 Rb2+ 51. Kf1 Rb1+ 52. Ke2 Rb2+ 53. Kd3 Rb3+ 54. Kc2 Rh3 55. Be6 Rh2+ 56. Kb3 Re7 57. Qxd6 Rxh4 58. Qxe5+ Kh7 59. Qf6 Rxe4 60. Bf7 Re3+ 61. Ka4 Ra3+ 62.
Kb5 Rb3+ 63. Ka4 Rg3 64. Bd5 Ra3+ 65. Kb5 Rb3+ 66. Ka5 b6+ 67. Ka6 Ra3+ 68. Kxb6 Rb3+ 69. Ka6 Ra3+ 70. Kb6 Rb3+ 71. Kc6 Rb8 72. Be6 Ra8 73. Kb6 Rb8+ 74. Kc6 Ra8 75. Kd5 Rd8+ 76. Kc6 Rd6+ 77.
Kxd6 Rf7+ 78. Ke5 Rxf6 79. Kxf6 Kh6 80. Bh3 g5 81. Kf5 Bb4 82. Bf1 g4 83. Be2 g3 84.
Bf1 Bd6 85. Bh3 Bc7 86. c5 Bb8 87. Bg2 1/2-1/2

[Event "*** Titled Tuesday Blitz"]
[Site "Chess.com"]
[Date "2019.01.01"]
[Round "6"]
[White "mouseWLZ"]
[Black "oskariot"]
[Result "1-0"]
[WhiteElo "2391"]
[BlackElo "2554"]
[TimeControl "180+2"]
[EndTime "14:30:40 PST"]
[Termination "mouseWLZ won by resignation"]

1. e4 e6 2. d4 d5 3. Nd2 c5 4. exd5 exd5 5. Bb5+ Bd7 6. Bxd7+ Nxd7 7. Ngf3 Ngf6 8.
O-O Be7 9. dxc5 Nxc5 10. Nb3 Nce4 11. Nbd4 O-O 12. c3 Bd6 13. Qb3 Qd7 14. h3 Rfe8 15. Qb5 Qc7 16. Nf5 a6 17. Qb3 Rad8 18.
Nxd6 Nxd6 19. Bf4 Qc4 20. Bxd6 Qxb3 21. axb3 Rxd6 22. Rfe1 Kf8 23. Rxe8+ Kxe8 24. Nd4 Rd7 25. f3 g6 26. Kf2 Kd8 27. b4 Kc7 28. b5 axb5 29.
Nxb5+ Kb6 30. Nd4 Re7 31. Ra8 h5 32. Rd8 Kc7 33. Ra8 Nd7 34. Nb5+ Kc6 35. Na7+ Kc7 36. Nb5+ Kb6 37. Nd6 Kc6 38. Nc8 Re6 39. Na7+ Kb6 40.
Nc8+ Kc7 41. Na7 Nc5 42. Nb5+ Kb6 43. Nd4 Nd3+ 44. Kg3 Re7 45. Rd8 Nxb2 46. Rxd5 Na4 47.
Rb5+ Kc7 48. Ra5 Nb6 49. Nb5+ Kd7 50. Nd4 Kc7 51. Nb5+ Kd7 52. Nd4 Re8 53. Rb5 Kc7 54. Rc5+ Kd6 55. Rb5 Kc7 56. Kf2 Nd7 57. Rb1 Nc5 58.
Nb5+ Kc6 59. Nd4+ Kc7 60. Nb5+ Kc6 61. Nd4+ Kd5 62. Ne2 h4 63. Rd1+ Kc6 64. Nd4+ Kc7 65. Nb5+ Kb6 66. Nd4 Ra8 67. Rd2 Ra1 68. Ne2 Kc6 69. Rd4 Ra2 70. Rxh4 Nd3+ 71. Ke3 Ne1 72. Rg4 b5 73. Nd4+ Kc5 74. Nb3+ Kd6 75. Nd2 Nc2+ 76. Kd3 Ne1+ 77. Ke2 Nc2 78. Rf4 Na3 79. Kd3 f5 80. Rd4+ Ke5 81. Rb4 Kd5 82. h4 Kc5 83. h5 Nc2 84.
Rh4 Ne1+ 85. Ke2 Nxg2 86. Rh1 Nf4+ 87. Ke3 Nxh5 88. Rg1 f4+ 89. Kd3 Nf6 90. Rxg6 Nd7 91. Ne4+ Kd5 92. Rd6+ Ke5 93. Rxd7 Ra1 94. Rb7 Rb1 95. Nd2 Rb2 96. c4 bxc4+ 97. Nxc4+ 1-0

[Event "*** Titled Tuesday Blitz"]
[Site "Chess.com"]
[Date "2019.01.01"]
[Round "6"]
[White "vovachesss"]
[Black "LucaBrasi1968"]
[Result "1-0"]
[WhiteElo "2491"]
[BlackElo "2370"]
[TimeControl "180+2"]
[EndTime "14:30:48 PST"]
[Termination "vovachesss won by resignation"]

1. c4 f5 2. Nc3 Nf6 3. d3 e5 4. e4 fxe4 5. dxe4 Bc5 6. Bg5 d6 7. Nf3 Be6 8. Bd3 O-O 9. Qc2 Nc6 10. a3 a6 11. Nd5 Bxd5 12. exd5 Nd4 13. Nxd4 Bxd4 14. Bxh7+ Nxh7 15. Bxd8 Raxd8 16. f3 b5 17. O-O-O bxc4 18. Qxc4 Rb8 19. Rxd4 exd4 20. Qxd4 Nf6 21. Re1 Rb5 22. Re7 Rxd5 23. Qc4 Kh7 24. Rxc7 Re8 25. Kb1 Rd2 26. Qc3 Rd1+ 27. Ka2 Kh8 28. Qc2 Ree1 29. Rc8+ Ng8 30. Re8 Ra1+ 31. Kb3 Rxe8 32. Qg6 Rae1 33. Qxd6 R1e6 34. Qd5 Rb8+ 35. Kc3 Ree8 36. Qh5+ Nh6 37. Qg6 Rec8+ 38. Kd3 Rxb2 39. g4 Rbb8 40. g5 Rd8+ 41. Ke3 Re8+ 42. Kf2 Rb2+ 43. Kg3 Ree2 44. Kf4 Rg2 45. Qe8+ Kh7 46. gxh6 Kxh6 47. Qh8+ Kg6 48.
h4 Rh2 49. Qe8+ Kh7 50. Qe4+ Kh6 51. Qe6+ Kh7 52. Qf5+ Kh6 53. Qg5+ Kh7 54. Qh5+ Kg8 55. Qe8+ Kh7 56. Qe4+ Kh6 57. Qc6+ Kh7 58. Qxa6 Rxh4+ 59. Kg3 Rh6 60. Qd3+ Rg6+ 61. Kf4 Rb6 62. a4 Rf6+ 63. Ke3 Re6+ 64. Kf2 Rf6 65. a5 Rd6 66. Qf5 Rf6 67.
Qe4 Re6 68. Qd3 Rd6 69. Qc2 Re6 70. Qb1 Rd6 71. f4 Kg8 72. Qb3+ Kh8 73. Qb8+ Kh7 74.
Qb1 Kh8 75. Qh1+ Kg8 76. Qe4 Rgf6 77. Kg3 Rde6 78. Qd5 Kf8 79. Qd8+ Kf7 80. Qd7+ Kf8 81. Kg4 Rd6 82. Qc8+ Kf7 83. f5 Rc6 84. Qd7+ Kf8 85. Kg5 Rcd6 86. Qc8+ Kf7 87. Qc4+ Kf8 88. Qe4 Rc6 89.
Kg4 Rcd6 90. Qb4 Kf7 91. Qb3+ Kf8 92. Kg5 Rc6 93. Qb8+ Kf7 94. Qb7+ Kf8 95. Kg4 Kg8 96. Kf4 Kh7 97. Ke4 Kg8 98. Qd7 Rcd6 99. Qe8+ Kh7 100. Ke5 Ra6 101. Qb5 Kg8 102. Kd4 Rad6+ 103. Kc4 Rc6+ 104. Kb4 Rcd6 105. Qe5 Ra6 106. Kb5 Kf7 107. Qc7+ Kg8 108. Qc8+ Kf7 109. Qxa6 Rxa6 110. Kxa6 Kf6 111. Kb7 Kxf5 112. a6 g5 113. a7 g4 114. a8=Q Kf4 115. Qa1 1-0

[Event "*** Titled Tuesday Blitz"]
[Site "Chess.com"]
[Date "2019.01.01"]
[Round "7"]
[White "Daniela_Movileanu"]
[Black "Shahinyan_ChessMood"]
[Result "0-1"]
[WhiteElo "2502"]
[BlackElo "2693"]
[TimeControl "180+2"]
[EndTime "14:33:51 PST"]
[Termination "Shahinyan_ChessMood won by checkmate"]

1. e4 e6 2. d4 d5 3. e5 c5 4. c3 Nc6 5. Nf3 Qb6 6. Be2 cxd4 7.
cxd4 Nh6 8. b3 Nf5 9. Bb2 Bb4+ 10. Kf1 Be7 11. g4 Nh4 12. Nxh4 Bxh4 13. Kg2 f6 14. f4 fxe5 15. fxe5 O-O 16. Rf1 Bd7 17. Na3 Rxf1 18. Bxf1 Nxe5 19. dxe5 Qf2+ 20. Kh3 Qxb2 21. Kxh4 Qxh2+ 22. Bh3 Qf2+ 23. Kg5 h6+ 24. Kh5 Be8# 0-1

[Event "*** Titled Tuesday Blitz"]
[Site "Chess.com"]
[Date "2019.01.01"]
[Round "7"]
[White "KenanGarayev"]
[Black "TigranLPetrosyan"]
[Result "1/2-1/2"]
[WhiteElo "2857"]
[BlackElo "2845"]
[TimeControl "180+2"]
[EndTime "14:34:04 PST"]
[Termination "Game drawn by agreement"]

1. d4 g6 2. c4 Bg7 3. Nc3 d6 4. Nf3 f5 5. e4 fxe4 6. Nxe4 Nf6 7. Bd3 Nxe4 8. Bxe4 O-O 9. O-O Nc6 10. h3 e5 11.
Bg5 Qe8 12. Bd5+ Kh8 13. Re1 h6 14. Bh4 g5 15. Bg3 g4 16. hxg4 Bxg4 17. Bxc6 Qxc6 1/2-1/2

[Event "*** Titled Tuesday Blitz"]
[Site "Chess.com"]
[Date "2019.01.01"]
[Round "7"]
[White "Muracle"]
[Black "Kostya_Nikologorskiy"]
[Result "1-0"]
[WhiteElo "2535"]
[BlackElo "2380"]
[TimeControl "180+2"]
[EndTime "14:34:15 PST"]
[Termination "Muracle won by resignation"]

1. Nf3 Nf6 2. g3 e6 3. Bg2 d5 4.
O-O c6 5. d4 Be7 6. c4 O-O 7.
Nbd2 Nbd7 8. Qc2 a6 9. e4 dxe4 10. Nxe4 Nxe4 11. Qxe4 Nf6 12. Qe2 c5 13. Rd1 cxd4 14.
Nxd4 Qb6 15. b3 Rd8 16. Bb2 Bd7 17. Nf5 Bf8 18. Nh6+ gxh6 19. Bxf6 e5 20. Bxd8 Rxd8 21. Rxd7 1-0

[Event "*** Titled Tuesday Blitz"]
[Site "Chess.com"]
[Date "2019.01.01"]
[Round "7"]
[White "penguingm1"]
[Black "nurmiTV"]
[Result "1-0"]
[WhiteElo "2803"]
[BlackElo "2624"]
[TimeControl "180+2"]
[EndTime "14:34:34 PST"]
[Termination "penguingm1 won by checkmate"]

1. d4 Nf6 2. c4 e6 3. Nc3 Bb4 4. Qc2 O-O 5. Nf3 d5 6. Bg5 b6 7. cxd5 exd5 8. e3 Bb7 9. Bd3 h6 10. Bh4 c5 11. O-O Nc6 12. Bxf6 gxf6 13. Ne2 c4 14. Bf5 Ne7 15. Ng3 Bd6 16. Nh5 Nc6 17. Nh4 Re8 18. Bg6 Bf8 19. Bxf7+ Kxf7 20. Qh7+ Ke6 21.
Nf4+ Kd6 22. Nf5# 1-0